Map: Eindringling LE

Players

Panda - Winner!

  • Race: Zerg Zerg
  • League: Diamond
  • Spawn Location: 11:00

LoseAndLearn

  • Race: Zerg Zerg
  • League: Diamond
  • Spawn Location: 5:00

VOD

Have the link to the VOD?

Description

Time

  • Played on: Sept. 9, 2017, 3:53 p.m.
  • Length: 7:46
Show
View Real Time Build Order
Export as new Build Order

Panda Zerg - Winner!

Build Orders: Pool Only, Zergling Baneling 

Get SALT Encoding   

  12  0:00  Drone  
  13  0:15  Extractor  
  12  0:27  Spawning Pool  
  12  0:28  Drone  
  12  0:33  Drone  
  13  0:38  Drone  
  14  0:47  Overlord  
  14  1:13  Zergling x6  
  14  1:16  Queen  
  19  1:25  Metabolic Boost  
  19  1:31  Zergling x2  
  20  1:36  Zergling x2  
  21  1:46  Baneling Nest  
  20  1:49  Zergling x2  
  21  2:00  Overlord  
  21  2:11  Zergling x2  
  22  2:19  Zergling x2  
  23  2:28  Zergling x6  
  26  2:35  Zergling x2, Baneling x2  
  22  3:01  Zergling x10  
  22  3:03  Baneling  
  22  3:04  Baneling  
  25  3:19  Baneling x2  
  25  3:26  Zergling x4  
  24  3:44  Zergling x8  
  26  4:02  Zergling x4  
  23  4:07  Baneling  
  23  4:08  Baneling  
  23  4:14  Zergling x2  
  23  4:45  Zergling x8  
  25  4:49  Baneling x2  
  24  5:04  Zergling x2  
  24  5:11  Zergling x8  
  24  5:30  Baneling  
  24  5:31  Baneling  
  23  5:45  Zergling x6  
  25  5:59  Zergling x6  
  27  6:07  Zergling x2  
  24  6:20  Zergling x2  
  24  6:24  Baneling  
  24  6:42  Zergling x2  
  24  6:57  Baneling x2  
  24  7:03  Zergling x4  
  24  7:04  Zergling x2  
Show
View Real Time Build Order
Export as new Build Order

LoseAndLearn Zerg 

Build Orders: Hatch First 

Get SALT Encoding   

  12  0:01  Drone  
  13  0:09  Drone  
  14  0:19  Overlord  
  14  0:26  Extractor  
  14  0:27  Drone  
  15  0:38  Drone x2  
  17  0:55  Hatchery  
  17  0:56  Drone  
  17  0:59  Drone  
  18  1:13  Spawning Pool  
  18  1:17  Drone  
  18  1:20  Extractor  
  18  1:21  Drone  
  18  1:29  Drone  
  19  1:38  Drone  
  20  1:48  Overlord  
  20  2:00  Zergling x2  
  21  2:06  Queen, Spine Crawler  
  22  2:17  Zergling x4  
  24  2:41  Queen  
  16  3:16  Zergling x6  
  13  3:59  Drone  
  13  4:00  Drone x5  
  15  4:24  Baneling Nest  
  15  4:25  Zergling x4  
  14  4:48  Spine Crawler  
  12  5:00  Zergling x2  
  12  5:01  Zergling x2  
  13  5:09  Baneling x2  
  11  5:34  Drone x2  
  12  5:45  Baneling x2  
  11  6:08  Zergling x2  
  11  6:12  Drone  
  12  6:18  Zergling x2  
  12  6:39  Zergling x2  
  9  7:26  Zergling x2  
  9  7:27  Zergling x2  
Tags
 
Matchup
ZvZ
Race
Zerg
Replay Pack
replays1
Spawn Locations
Cross Positions
Add a new tag
Caveats
  • Supply blocks, unpowered buildings, or Contaminate may cause inaccurate times.
  • Supply counts are checked every 10 seconds.